 Dungeon Crawl Stone Soup version 0.29.0-5-ge4962eb29e (webtiles) character file.

Game seed: 11182502025491357649

218 Arcadio the Covered (level 5, -2/34 HPs)
             Began as a Gargoyle Fighter on Aug 28, 2022.
             Was an Initiate of Ru.
             Killed by divine providence
             ... invoked by an orc priest
              (10 damage)
             ... on level 3 of the Dungeon.
             The game lasted 00:07:29 (3708 turns).

Arcadio the Covered (Gargoyle Fighter)              Turns: 3708, Time: 00:07:30

Health: -2/34      AC: 15    Str: 26    XL:     5   Next: 95%
Magic:  5/5        EV:  9    Int:  8    God:    Ru [......]
Gold:   312        SH:  5    Dex: 11    Spells: 4/4 levels left

rFire   . . .      SeeInvis .   a - +0 flail
rCold   . . .      Faith    .   c - +0 buckler
rNeg    + . .      Spirit   .   b - +0 scale mail
rPois   ∞          Reflect  .   (no helmet)
rElec   +          Harm     .   p - +2 cloak
rCorr   .          Rampage  .   r - +0 pair of gloves
Will    .....                   (no boots)
Stlth   ..........              (no amulet)
HPRegen 0.11/turn               g - +6 ring of strength
MPRegen 0.09/turn               (no ring)

@: mighty
A: sickness immunity, AC +4, negative energy resistance 1, electricity
resistance, torment resistance 1, petrification resistance
a: Renounce Religion


You were on level 3 of the Dungeon.
You worshipped Ru.
Ru was noncommittal.
You visited 1 branch of the dungeon, and saw 3 of its levels.

You collected 326 gold pieces.
You spent 14 gold pieces at shops.

Inventory:

Hand Weapons
 a - a +0 flail (weapon)
Armour
 b - a +0 scale mail (worn)
 c - a +0 buckler (worn)
 h - a +0 cloak
 p - a +2 cloak (worn)
 r - a +0 pair of gloves (worn)
Jewellery
 g - a +6 ring of strength (left hand)
 o - a ring of positive energy
Scrolls
 e - 2 scrolls of immolation {unknown}
 f - a scroll of brand weapon {unknown}
 j - 2 scrolls of identify {unknown}
 m - a scroll of fear {unknown}
 n - a scroll of enchant weapon {unknown}
 s - a scroll of torment {unknown}
 t - a scroll of enchant armour {unknown}
Potions
 i - a potion of flight {unknown}
 k - a potion of lignification {unknown}
 l - 2 potions of invisibility {unknown}
 q - a potion of cancellation {unknown}


   Skills:
 + Level 4.5 Fighting
 + Level 3.3 Maces & Flails
 + Level 4.5 Armour
 + Level 4.5 Shields


You had 4 spell levels left.
You didn't know any spells.
Your spell library contained the following spells:

 Spells                   Type           Power      Damage    Failure   Level
 Summon Guardian Golem    Hex/Summ       0%         N/A       98%         3
 Orb of Destruction       Conj           0%         9d5       100%        7
 Spellforged Servitor     Conj/Summ      0%         N/A       100%        7


Dungeon Overview and Level Annotations

Branches:
Dungeon (3/15) Zot: 14229

Altars:
Ru

Shops:
D:1 !

Annotations:
D:3 1 runed translucent door, sentinel's ghost, amateur MeEE


Innate Abilities, Weirdness & Mutations

You are immune to sickness and miasma.
Your stone body is resilient. (AC +4)
You are immune to poison.
You resist negative energy. (rN+)
You are resistant to electric shocks. (rElec)
You are resistant to unholy torment.
You are immune to petrification.


Message History

Deactivating autopickup; reactivate with Ctrl-A.
You closely miss the orc wizard.
The orc wizard hits you but does no damage.
You sock the orc wizard!
The orc wizard is heavily wounded.
The orc wizard hits you but does no damage.
You barely miss the orc wizard.
The orc wizard is heavily wounded.
The orc wizard hits you but does no damage.
The orc wizard barely misses you.
You thump the orc wizard!
The orc wizard is almost dead.
The orc priest looks encouraged for a moment.
The orc wizard casts a spell at you. You resist with some effort.
You hit the orc wizard.
You kill the orc wizard!
The orc priest calls down the wrath of Beogh upon you.
Beogh smites you! Something hits you but does no damage.
The orc priest invokes the aid of Beogh against you.
Something writhes in agony!
Press: ? - help, v - describe, . - travel
Here: an orc priest, wielding a +0 hand axe The floor.
Something hits you but does no damage. Something hits you.
A magic dart appears from out of thin air!
The magic dart hits you but does no damage.
A magic dart appears from out of thin air!
The magic dart hits you.
An orc wizard appears from thin air!
Reactivating autopickup.
Okay, then.
You feel very mighty all of a sudden.
The orc wizard hits you with a +0 dagger.
* * * LOW HITPOINT WARNING * * *
The orc priest mumbles some strange prayers to Beogh against you.
Beogh smites you!
You die...

##..##.8.##..##.#
##..##'####.##.#
##.........##.#
############.#
#.# #.# #.#
######## #.#
#......########@#
#.##...........o#
#....#######.#.o#
#..#.#.....#.#..#
#....#.....#.#o##
#.##.#.._..#.#.#
#.##.#.....#.#.#
#o#..#.....#...#
#o#..###'###..##


You could see an orc priest, an orc wizard and an orc.

Vanquished Creatures
  A scorpion (D:2)
  Terence (D:3)
  2 orc wizards (D:3)
  2 adders (D:3)
  9 orcs (D:3)
  5 endoplasms
  3 giant cockroaches
  3 goblins
  4 hobgoblins
  5 jackals
  A quokka (D:1)
  4 ball pythons
  5 bats
  3 frilled lizards
  4 kobolds
  6 rats
58 creatures vanquished.

Notes
Turn   | Place    | Note
-------+----------+-------------------------------------------
     0 | D:1      | Arcadio the Gargoyle Fighter began the quest for the Orb.
     0 | D:1      | Reached XP level 1. HP: 14/14 MP: 1/1
   414 | D:1      | Reached XP level 2. HP: 7/19 MP: 2/2
   919 | D:1      | Found Laist's Distillery.
   937 | D:1      | Bought a potion of degeneration for 14 gold pieces
  1133 | D:1      | Reached XP level 3. HP: 17/23 MP: 3/3
  1941 | D:2      | Noticed a scorpion
  1947 | D:2      | Killed a scorpion
  1948 | D:2      | Reached XP level 4. HP: 26/29 MP: 4/4
  2760 | D:3      | Reached XP level 5. HP: 27/33 MP: 5/5
  2813 | D:3      | Found a runed translucent door.
  3367 | D:3      | Found a faded altar of an unknown god.
  3412 | D:3      | Noticed Terence
  3415 | D:3      | Killed Terence
  3471 | D:3      | Noticed sentinel's ghost (amateur MeEE)
  3606 | D:3      | Found a sacrificial altar of Ru.
  3625 | D:3      | Became a worshipper of Ru the Awakened
  3708 | D:3      | Killed from afar by an orc priest

Illustrated notes

Levels and vault maps discovered:
D:1:      amcnicky_arrival_feature_with_door, layout_loops_corners,
          serial_shops, shop_fountains
D:2:      kb_forest_paths, layout_basic
D:3:      layout_loops_ring, amcnicky_altar_gilded,
          ebering_ghost_reflecting_pool, hellmonk_ecumenical_altar_run_dry,
          grunt_decor_arrowhead, mrwooster_statue_mirror, uniq_terence

Skill      XL: |  1  2  3  4  5 |
---------------+----------------+-----
Fighting       | 4 |  4.5
Armour         | 4 |  4.5
Shields        | 4 |  4.5
Maces & Flails | 3 |  3.3

Action                   |  1- 3 |  4- 6 || total
-------------------------+-------+-------++-------
Melee: Flail             |   124 |    67 ||   191
  Use: Potion            |       |     2 ||     2
Armor: Scale mail        |    78 |    41 ||   119
Dodge: Dodged            |    51 |    27 ||    78
Block: Buckler           |    31 |    10 ||    41
